 Dungeon Sprint DCSS version 0.17-a0-1979-g1c74939 (webtiles) character file.

216674 DEFE the Skullcrusher (level 17, -2/226 HPs)
             Began as an Ogre Fighter on Oct 5, 2015.
             Was the Champion of Okawaru.
             Killed from afar by a shadow dragon (36 damage)
             ... with a bolt of negative energy
             ... in the Dungeon (Sprint IX: "|||||||||||||||||||||||||||||").
             The game lasted 00:14:27 (8990 turns).

DEFE the Skullcrusher (Ogre Fighter)                Turns: 8990, Time: 00:14:28

Health: -2/226     AC: 25    Str: 34    XL:     17   Next: 58%
Magic:  26/30      EV: 14    Int:  7    God:    Okawaru [******]
Gold:   1790       SH: 27    Dex: 11    Spells: 0 memorised, 16 levels left

rFire  + + .     SeeInvis .     S - +10 demon whip "Xercharph" {venom, rF+}
rCold  + . .     Clarity  .     W - +0 gold dragon armour
rNeg   . . .     SustAt   .     T - +2 large shield
rPois  +         Gourm    .     Z - +0 hat
rElec  .         Spirit   .     p - +0 cloak
rCorr  .         Warding  .     (gloves unavailable)
rMut   .         NoTele   +     (boots unavailable)
MR     +....                    (no amulet)
Stlth  ..........               r - +3 ring of strength
                                q - +3 ring of strength

@: lethally poisoned (-2 -> -3), heroism, finesse, flayed, heavily drained,
somewhat resistant to hostile enchantments, extremely unstealthy
A: unfitting armour, tough skin 1
a: Heroism, Finesse, Renounce Religion
}: 4/15 runes: decaying, serpentine, barnacled, gossamer


You were in the Dungeon.
You worshipped Okawaru.
Okawaru was exalted by your worship.
You were not hungry.

You visited 1 branch You collected 1900 gold pieces.
You spent 110 gold pieces at shops.

Inventory:

Hand Weapons
 a - a +0 flail
 g - a +0 giant club
 o - a +2 dire flail of crushing
 F - a +0 giant spiked club
 J - a +1 giant spiked club
 O - the +7 giant club of Putrescence {freeze, +Fly rF- Int+2}
   (Okawaru gifted it to you in the Dungeon)

   It has been specially enchanted to freeze those struck by it, causing extra
   injury to most foes and up to half again as much damage against particularly
   susceptible opponents.
   It can also slow down cold-blooded creatures.
   It affects your intelligence (+2).
   It makes you vulnerable to fire.
   It lets you fly.
 Q - a +1 morningstar of draining
 S - the +10 demon whip "Xercharph" (weapon) {venom, rF+}
   (Okawaru gifted it to you in the Dungeon)

   It poisons the flesh of those it strikes.
   It protects you from fire.
Armour
 b - a +0 robe
 c - a +0 shield
 p - a +0 cloak (worn)
 y - a troll hide
 K - a +1 fire dragon armour
 M - a +0 swamp dragon armour
 T - a +2 large shield (worn)
 W - a +0 gold dragon armour (worn)
 Z - a +0 hat (worn)
Jewellery
 q - a +3 ring of strength (left hand)
 r - a +3 ring of strength (right hand)
 G - an uncursed ring of fire
 H - an uncursed ring of protection from magic
 I - an uncursed ring of wizardry
 L - a +6 ring of intelligence
 U - a +4 ring of evasion
 V - a +4 ring of protection
Wands
 n - a wand of draining (3)
 R - a wand of confusion (20)
Scrolls
 e - 7 scrolls of recharging
 k - a scroll of blinking
 l - 6 scrolls of remove curse
 m - 2 scrolls of amnesia
 w - a scroll of fog
 x - 10 scrolls of enchant weapon
 P - a scroll of fear
 Y - a scroll of identify
Potions
 d - a potion of might
 f - 8 potions of curing
 h - a potion of haste
 i - 4 potions of magic
 j - a potion of invisibility
 s - 3 potions of berserk rage
 t - 2 potions of brilliance
 u - a potion of resistance
 C - a potion of flight
 D - a potion of beneficial mutation {unknown}
 E - a potion of cancellation
 N - 2 potions of agility
 X - 4 potions of heal wounds
Books
 v - a book of Battle

   Spells                             Type                      Level
   a - Infusion                       Charms                       1
   b - Shroud of Golubria             Charms/Translocation         2
   c - Song of Slaying                Charms                       2
   d - Spectral Weapon                Hexes/Charms                 3
   e - Regeneration                   Charms/Necromancy            3
Comestibles
 z - 40 fruits
 A - 6 bread rations
 B - 12 meat rations


   Skills:
 O Level 27(24.1) Fighting
 O Level 27(24.1) Maces & Flails
 + Level 17.7(20.0) Armour
 + Level 23.9(24.1) Dodging
 - Level 18.3(20.6) Shields
 - Level 19.5(17.0) Invocations


You had 16 spell levels left.
You didn't know any spells.

Dungeon Overview and Level Annotations

Branches:
Dungeon (1/1)

Altars:
Cheibriados
Dithmenos
Elyvilon
Fedhas
Gozag
Kikubaaqudgha
Makhleb
Nemelex Xobeh
Okawaru
Qazlal
Ru
Sif Muna
Trog
Vehumet
Xom
Yredelemnul
Zin
The Shining One
Beogh
Jiyva
Lugonu

Shops:
D %(*[


Innate Abilities, Weirdness & Mutations

You are too large for most types of armour.
You have tough skin (AC +1).


Message History

The shadow dragon is almost dead.
You feel sick.
You hit the shadow dragon.
The shadow dragon is almost dead.
Unknown command.
You whack the shadow dragon!
The shadow dragon is almost dead.
The shadow dragon breathes negative energy at you.
The bolt of negative energy hits you!
You feel drained.
* * * LOW HITPOINT WARNING * * *
Unknown command.
Drink which item? (? for menu, Esc to quit)
You feel much better.
You feel sick.
The flayed ghost cries, "Feel what I felt!"
The vault sentinel blows a loud note on a signal horn!
The ogre mage mumbles some strange words.
The ogre mage blinks!
The shadow dragon breathes negative energy at you.
The bolt of negative energy hits you!
You feel drained.
You die...

.♣.▓.▓.▓[▓.▓)▓.▓.▓
.♣.▓.▓.▓[▓.▓.▓.▓.▓
'▓.▓.▓.▓[▓.▓'▓.▓(▓
(▓.▓(▓.▓.▓.▓)▓.▓(▓
)▓.▓)▓.▓.▓.▓)▓.▓(▓
÷▓)▓)▓.▓.▓.▓)▓.▓)▓
)▓.▓)▓.▓.▓.▓)▓.▓$▓
÷▓.▓.▓.▓.▓.▓)▓.▓)▓
)▓(▓)▓.▓.▓.▓)▓.▓@▓
.▓.▓)▓.▓.▓.▓)▓.▓D▓
.▓(▓)▓.▓.▓.▓)▓.▓p▓
.▓.▓.▓.▓.▓.▓)▓.▓W▓
†▓.▓.▓.▓.▓.▓)▓.▓O▓
†▓.▓)▓.▓.▓.▓.▓.▓B▓
†▓.▓)▓.▓.▓.▓.▓.▓B▓
†▓.▓)▓.▓.▓.▓.▓.▓p▓
†▓.▓(▓.▓.▓.♣'♣.▓


You could see a shadow dragon, an ironheart preserver, 2 boulder beetles, a
flayed ghost, an ogre mage and a vault sentinel.

Vanquished Creatures
  Mennas (D)
  A juggernaut (D)
  Boris (D)
  Margery (D)
  Norris (D)
  Jory (D)
  Xtahua (D)
  A lich (D)
  An Orb Guardian (D)
  Kirke (D)
  6 greater nagas (D)
  Ilsuiw (D)
  2 fire giants (D)
  2 frost giants (D)
  A ghost moth (D)
  Louise (D)
  6 emperor scorpions (D)
  A vault warden (D)
  A spriggan defender (D)
  An ironheart preserver (D)
  A very ugly thing (D)
  A stone giant (D)
  5 merfolk impalers (D)
  5 merfolk javelineers (D)
  25 vault guards (D)
  A fire dragon (D)
  3 ettins (D)
  5 ogre magi (D)
  2 yaktaur captains (D)
  2 entropy weavers (D)
  Harold (D)
  A rakshasa (D)
  2 naga warriors (D)
  8 hydras (D)
  A spriggan air mage (D)
  Erica (D)
  2 centaur warriors (D)
  3 merfolk aquamancers (D)
  2 deep troll shamans (D)
  A naga sharpshooter (D)
  An orc high priest (D)
  A shock serpent (D)
  Urug (D)
  6 hell knights (D)
  A spriggan berserker (D)
  2 deep trolls (D)
  A spriggan druid (D)
  4 swamp dragons (D)
  2 unseen horrors (D)
  A naga ritualist (D)
  4 hill giants (D)
  A necromancer (D)
  A wizard (D)
  A giant orange brain (D)
  An orc knight (D)
  4 ironbrand convokers (D)
  A harpy (D)
  4 ugly things (D)
  2 orb spiders (D)
  2 cyclopes (D)
  4 lindwurms (D)
  5 wolf spiders (D)
  2 salamanders (D)
  2 hornets (D)
  A griffon (D)
  3 manticores (D)
  3 guardian serpents (D)
  3 spiny frogs (D)
  A moth of wrath (D)
  A black mamba (D)
  3 naga magi (D)
  3 demonic crawlers (D)
  2 yaktaurs (D)
  A fire drake (D)
  2 komodo dragons (D)
  8 trolls (D)
  2 giant leeches (D)
  2 jumping spiders (D)
  A tengu conjurer (D)
  A merfolk (D)
  A boulder beetle (D)
  A snapping turtle (D)
  A wraith (D)
  A hungry ghost (D)
  4 redbacks (D)
  2 spriggans (D)
  Eustachio (D)
  A basilisk (D)
  A hippogriff (D)
  Grum (D)
  2 deep elf fighters (D)
  3 hogs (D)
  5 wolves (D)
  3 nagas (D)
  2 water moccasins (D)
  An ogre (D)
  2 ice beasts (D)
  14 orc warriors (D)
  2 wasps (D)
  An eye of draining (shapeshifter) (D)
  2 centaurs (D)
  3 giant frogs (D)
  A brain worm (D)
  3 crocodiles (D)
  3 iguanas (D)
  A jelly (D)
  A hound (D)
  An orc priest (D)
  A worker ant (D)
  3 orc wizards (D)
  A river rat (D)
  A shadow imp (D)
  3 worms (D)
  7 orcs (D)
  A bat skeleton (D)
  A bat zombie (D)
  A hobgoblin (D)
  2 bats (D)
  A quokka skeleton (D)
  A quokka zombie (D)
  2 rats (D)
284 creatures vanquished.

Vanquished Creatures (others)
  A hydra (D)
  A swamp drake (D)
2 creatures vanquished.

Grand Total: 286 creatures vanquished

Notes
Turn   | Place    | Note
--------------------------------------------------------------
     0 | D        | DEFE the Ogre Fighter began the quest for the Orb.
     0 | D        | Reached XP level 1. HP: 24/24 MP: 1/1
    40 | D        | Noticed an ice beast
    43 | D        | Reached skill level 5 in Fighting
    43 | D        | Reached XP level 2. HP: 31/35 MP: 2/2
    52 | D        | Killed an ice beast
    52 | D        | Reached skill level 7 in Fighting
    52 | D        | Reached skill level 5 in Dodging
    52 | D        | Reached XP level 3. HP: 32/46 MP: 3/3
    52 | D        | Reached XP level 4. HP: 38/55 MP: 4/4
    58 | D        | Reached skill level 5 in Shields
   186 | D        | Found a glowing silver altar of Zin.
   186 | D        | Found a glowing golden altar of the Shining One.
   186 | D        | Found an ancient bone altar of Kikubaaqudgha.
   186 | D        | Found a basalt altar of Yredelemnul.
   186 | D        | Found a shimmering altar of Xom.
   186 | D        | Found a radiant altar of Vehumet.
   187 | D        | Found an iron altar of Okawaru.
   188 | D        | Found a burning altar of Makhleb.
   189 | D        | Found a deep blue altar of Sif Muna.
   190 | D        | Found a bloodstained altar of Trog.
   191 | D        | Found a sparkling altar of Nemelex Xobeh.
   192 | D        | Found a white marble altar of Elyvilon.
   193 | D        | Found a roughly hewn altar of Beogh.
   194 | D        | Found a viscous altar of Jiyva.
   195 | D        | Became a worshipper of Warmaster Okawaru
   196 | D        | Found a corrupted altar of Lugonu.
   197 | D        | Found a blossoming altar of Fedhas.
   198 | D        | Found a snail-covered altar of Cheibriados.
   199 | D        | Found a shadowy altar of Dithmenos.
   206 | D        | Found a stormy altar of Qazlal.
   207 | D        | Found an opulent altar of Gozag.
   208 | D        | Found a sacrificial altar of Ru.
   243 | D        | Noticed an ogre
   243 | D        | Noticed a hill giant
   243 | D        | Noticed an iguana
   243 | D        | Noticed an ice beast
   243 | D        | Noticed a hippogriff
   250 | D        | Killed an ogre
   250 | D        | Reached skill level 8 in Fighting
   250 | D        | Reached XP level 5. HP: 62/66 MP: 5/5
   251 | D        | Killed an iguana
   251 | D        | Acquired Okawaru's first power
   251 | D        | Reached XP level 6. HP: 69/74 MP: 6/6
   253 | D        | Killed a hill giant
   253 | D        | Reached skill level 11 in Fighting
   253 | D        | Reached skill level 10 in Maces & Flails
   253 | D        | Reached XP level 7. HP: 51/88 MP: 7/7
   262 | D        | Killed an ice beast
   268 | D        | Killed a hippogriff
   268 | D        | Reached XP level 8. HP: 41/98 MP: 5/8
   493 | D        | Noticed a jelly
   493 | D        | Noticed a giant frog
   493 | D        | Noticed an orc warrior
   493 | D        | Noticed a worker ant
   493 | D        | Noticed a hound
   501 | D        | Killed an unseen horror
   501 | D        | Reached skill level 12 in Fighting
   504 | D        | Killed a jelly
   509 | D        | Killed a giant frog
   515 | D        | Killed an orc warrior
   518 | D        | Killed a worker ant
   520 | D        | Killed a hound
   520 | D        | Reached XP level 9. HP: 47/109 MP: 8/12
   848 | D        | Noticed a crocodile
   848 | D        | Noticed a water moccasin
   848 | D        | Noticed an iguana
   848 | D        | Noticed a spiny frog
   848 | D        | Noticed a crocodile
   848 | D        | Noticed a giant frog
   849 | D        | Noticed a komodo dragon
   854 | D        | Killed a crocodile
   866 | D        | Killed a water moccasin
   867 | D        | Noticed an iguana
   868 | D        | Killed an iguana
   870 | D        | Noticed a fire drake
   874 | D        | Killed a spiny frog
   874 | D        | Reached skill level 13 in Fighting
   874 | D        | Reached skill level 5 in Invocations
   883 | D        | Killed a crocodile
   884 | D        | Killed a giant frog
   894 | D        | Killed a komodo dragon
   894 | D        | Reached skill level 10 in Dodging
   894 | D        | Reached skill level 10 in Shields
   898 | D        | Killed an iguana
   901 | D        | Killed a fire drake
  1130 | D        | Noticed a giant frog
  1130 | D        | Noticed a wolf
  1130 | D        | Noticed a spiny frog
  1130 | D        | Noticed a black mamba
  1130 | D        | Noticed a basilisk
  1132 | D        | Noticed a crocodile
  1134 | D        | Noticed a komodo dragon
  1134 | D        | Killed a giant frog
  1136 | D        | Killed a wolf
  1140 | D        | Killed a spiny frog
  1140 | D        | Reached skill level 14 in Fighting
  1140 | D        | Reached XP level 10. HP: 115/122 MP: 13/15
  1143 | D        | Killed a black mamba
  1146 | D        | Killed a basilisk
  1149 | D        | Killed a crocodile
  1161 | D        | Killed a komodo dragon
  1247 | D        | Noticed a water moccasin
  1256 | D        | Killed a water moccasin
  1320 | D        | Noticed a lindwurm
  1320 | D        | Noticed a lindwurm
  1320 | D        | Noticed a brain worm
  1321 | D        | Noticed a lindwurm
  1334 | D        | Killed a lindwurm
  1340 | D        | Noticed a lindwurm
  1342 | D        | Killed a lindwurm
  1342 | D        | Acquired Okawaru's second power
  1342 | D        | Reached skill level 15 in Fighting
  1345 | D        | Killed a brain worm
  1356 | D        | Killed a lindwurm
  1360 | D        | Killed a lindwurm
  1360 | D        | Reached skill level 15 in Maces & Flails
  1656 | D        | Noticed a wolf
  1657 | D        | Noticed a wolf
  1658 | D        | Noticed Grum
  1659 | D        | Noticed a wolf
  1662 | D        | Noticed a wolf
  1665 | D        | Killed a wolf
  1670 | D        | Killed Grum
  1674 | D        | Killed a wolf
  1677 | D        | Killed a wolf
  1679 | D        | Killed a wolf
  1679 | D        | Reached XP level 11. HP: 100/133 MP: 18/18
  1764 | D        | Noticed Urug
  1787 | D        | Killed Urug
  1787 | D        | Reached skill level 10 in Invocations
  1788 | D        | Noticed Erica
  1804 | D        | Killed Erica
  1804 | D        | Received a gift from Okawaru
  1804 | D        | Reached skill level 16 in Fighting
  2084 | D        | Noticed an orc warrior
  2084 | D        | Noticed an orc wizard
  2084 | D        | Noticed an orc wizard
  2084 | D        | Noticed an orc knight
  2086 | D        | Noticed an orc priest
  2095 | D        | Killed an orc warrior
  2096 | D        | Noticed an orc warrior
  2098 | D        | Killed an orc wizard
  2101 | D        | Noticed an orc warrior
  2108 | D        | Killed an orc knight
  2109 | D        | Noticed an orc wizard
  2114 | D        | Killed an orc wizard
  2119 | D        | Killed an orc warrior
  2122 | D        | Killed an orc warrior
  2125 | D        | Noticed an orc warrior
  2125 | D        | Killed an orc priest
  2129 | D        | Killed an orc wizard
  2145 | D        | Killed an orc warrior
  2345 | D        | Noticed an orc warrior
  2345 | D        | Noticed an orc warrior
  2345 | D        | Noticed an orc warrior
  2345 | D        | Noticed an orc warrior
  2345 | D        | Noticed an orc high priest
  2347 | D        | Killed an orc warrior
  2348 | D        | Noticed an orc warrior
  2349 | D        | Noticed an orc warrior
  2351 | D        | Killed an orc warrior
  2354 | D        | Killed an orc warrior
  2363 | D        | Killed an orc warrior
  2381 | D        | Noticed an orc warrior
  2383 | D        | Killed an orc high priest
  2385 | D        | Killed an orc warrior
  2389 | D        | Noticed an orc warrior
  2389 | D        | Killed an orc warrior
  2398 | D        | Killed an orc warrior
  2402 | D        | Killed an orc warrior
  2630 | D        | Found Cinonau's Food Emporium.
  2630 | D        | Noticed a troll
  2630 | D        | Noticed a troll
  2630 | D        | Noticed a hill giant
  2630 | D        | Noticed an ogre mage
  2630 | D        | Noticed a deep troll
  2632 | D        | Noticed a troll
  2635 | D        | Killed a troll
  2636 | D        | Noticed a deep troll
  2641 | D        | Killed a troll
  2645 | D        | Killed a hill giant
  2646 | D        | Found Gigrynin's Antique Weapon Shoppe.
  2654 | D        | Noticed a hill giant
  2657 | D        | Killed an ogre mage
  2657 | D        | Reached skill level 17 in Fighting
  2666 | D        | Killed a deep troll
  2667 | D        | Found Ewoxeuh's General Store.
  2673 | D        | Killed a deep troll
  2675 | D        | Killed a troll
  2675 | D        | Reached XP level 12. HP: 77/148 MP: 15/20
  2684 | D        | Killed a hill giant
  2956 | D        | Found Tipebriv's Armour Shoppe.
  2958 | D        | Noticed a troll
  2959 | D        | Noticed a troll
  2960 | D        | Noticed a troll
  2961 | D        | Noticed a troll
  2962 | D        | Noticed an ogre mage
  2966 | D        | Killed a troll
  2974 | D        | Killed a troll
  2983 | D        | Killed a troll
  2983 | D        | Received a gift from Okawaru
  2987 | D        | Killed a troll
  2994 | D        | Killed an ogre mage
  3014 | D        | Bought a scroll of identify for 22 gold pieces
  3014 | D        | Bought a potion of cancellation for 88 gold pieces
  3778 | D        | Noticed Harold
  3801 | D        | Killed Harold
  3801 | D        | Reached skill level 18 in Fighting
  4139 | D        | Noticed a centaur
  4139 | D        | Noticed a cyclops
  4139 | D        | Noticed a troll
  4139 | D        | Noticed a hungry ghost
  4139 | D        | Noticed an orc warrior
  4140 | D        | Noticed a wind drake
  4140 | D        | a wind drake changed into a soldier ant
  4144 | D        | Killed a centaur
  4145 | D        | Noticed a lich
  4150 | D        | Killed a cyclops
  4154 | D        | Killed a troll
  4161 | D        | Killed an unseen horror
  4162 | D        | Noticed a red very ugly thing
  4168 | D        | Noticed a cyclops
  4173 | D        | Noticed a wizard
  4183 | D        | Noticed a hell beast
  4200 | D        | Killed a lich
  4200 | D        | Received a gift from Okawaru
  4202 | D        | Noticed a yaktaur
  4206 | D        | Killed a hungry ghost
  4207 | D        | Noticed an ogre mage
  4214 | D        | Noticed a centaur warrior
  4224 | D        | Killed a wizard
  4226 | D        | Killed a red very ugly thing
  4236 | D        | Noticed a tengu conjurer
  4238 | D        | Killed an orc warrior
  4256 | D        | Killed a cyclops
  4261 | D        | Killed a tengu conjurer
  4269 | D        | Killed a yaktaur
  4269 | D        | Received a gift from Okawaru
  4276 | D        | Killed a centaur warrior
  4276 | D        | Reached skill level 19 in Fighting
  4285 | D        | Killed an ogre mage
  4285 | D        | Reached XP level 13. HP: 99/162 MP: 4/23
  4495 | D        | Noticed Eustachio
  4506 | D        | Killed Eustachio
  4535 | D        | Noticed a hog
  4536 | D        | Noticed a hog
  4537 | D        | Noticed a hog
  4539 | D        | Killed a hog
  4540 | D        | Noticed Kirke
  4543 | D        | Killed a hog
  4544 | D        | Noticed a hog
  4545 | D        | Noticed a hog
  4546 | D        | Killed a hog
  4547 | D        | Noticed a hog
  4555 | D        | Killed Kirke
  4592 | D        | Noticed a naga warrior
  4592 | D        | Noticed a naga
  4592 | D        | Noticed a naga sharpshooter
  4592 | D        | Noticed a shock serpent
  4592 | D        | Noticed a greater naga
  4592 | D        | Noticed a salamander
  4593 | D        | Noticed a salamander
  4602 | D        | Killed a naga warrior
  4603 | D        | Noticed a guardian serpent
  4607 | D        | Killed a naga
  4608 | D        | Noticed a naga ritualist
  4613 | D        | Killed a naga sharpshooter
  4618 | D        | Killed a shock serpent
  4623 | D        | Killed a greater naga
  4628 | D        | Killed a salamander
  4634 | D        | Killed a naga ritualist
  4644 | D        | Killed a salamander
  4644 | D        | Reached skill level 20 in Fighting
  4652 | D        | Killed a guardian serpent
  4973 | D        | Noticed an eight-headed hydra
  4973 | D        | Noticed a giant leech
  4973 | D        | Noticed a six-headed hydra
  4973 | D        | Noticed a spiny frog
  4973 | D        | Noticed a swamp drake
  4973 | D        | Noticed a spriggan rider
  4976 | D        | Noticed a giant leech
  4979 | D        | Killed an eight-headed hydra
  4979 | D        | Reached skill level 15 in Dodging
  4979 | D        | Reached skill level 15 in Invocations
  4988 | D        | Killed a giant leech
  4989 | D        | Noticed a six-headed hydra
  4992 | D        | Killed a swamp drake
  4995 | D        | Killed a six-headed hydra
  4995 | D        | Reached skill level 15 in Shields
  4998 | D        | Noticed a wasp
  4998 | D        | Killed a spiny frog
  4999 | D        | Killed a six-headed hydra
  5008 | D        | Killed a wasp
  5010 | D        | Killed a spriggan
  5013 | D        | Killed a giant leech
  5015 | D        | Killed a wasp
  5019 | D        | Noticed a snapping turtle
  5019 | D        | Noticed a merfolk javelineer
  5019 | D        | Noticed a manticore
  5019 | D        | Noticed a centaur
  5019 | D        | Noticed a griffon
  5019 | D        | Noticed a harpy
  5020 | D        | Noticed a manticore
  5026 | D        | Killed a snapping turtle
  5027 | D        | Noticed a merfolk
  5030 | D        | Killed a merfolk javelineer
  5031 | D        | Noticed a manticore
  5035 | D        | Killed a manticore
  5040 | D        | Killed a griffon
  5042 | D        | Killed a centaur
  5043 | D        | Killed a harpy
  5043 | D        | Received a gift from Okawaru
  5047 | D        | Killed a manticore
  5054 | D        | Killed a merfolk
  5059 | D        | Killed a manticore
  5063 | D        | Got a smoking demon whip {god gift}
  5064 | D        | Identified the +10 demon whip "Xercharph" {venom, rF+} (Okawaru gifted it to you in the Dungeon)
  5279 | D        | Noticed an emperor scorpion
  5279 | D        | Noticed an entropy weaver
  5279 | D        | Noticed an orb spider
  5279 | D        | Noticed a redback
  5279 | D        | Noticed a demonic crawler
  5279 | D        | Noticed a wolf spider
  5282 | D        | Noticed a demonic crawler
  5294 | D        | Killed an emperor scorpion
  5295 | D        | Noticed an emperor scorpion
  5310 | D        | Killed an entropy weaver
  5313 | D        | Noticed an orb spider
  5324 | D        | Killed an orb spider
  5328 | D        | Killed a redback
  5336 | D        | Killed a demonic crawler
  5340 | D        | Killed a wolf spider
  5350 | D        | Killed a demonic crawler
  5350 | D        | Reached XP level 14. HP: 152/176 MP: 23/25
  5363 | D        | Killed an emperor scorpion
  5363 | D        | Reached skill level 21 in Fighting
  5369 | D        | Killed an orb spider
  5369 | D        | Received a gift from Okawaru
  5622 | D        | Noticed a fire giant
  5622 | D        | Noticed a purple ugly thing
  5622 | D        | Noticed a spriggan berserker
  5622 | D        | Noticed an entropy weaver
  5622 | D        | Noticed an ettin
  5622 | D        | Noticed a spriggan defender
  5630 | D        | Killed a fire giant
  5634 | D        | Killed a purple ugly thing
  5641 | D        | Killed a spriggan berserker
  5642 | D        | Noticed a yaktaur
  5644 | D        | Noticed a hell knight
  5648 | D        | Killed an entropy weaver
  5649 | D        | Noticed a deep troll shaman
  5654 | D        | Killed an ettin
  5655 | D        | Noticed a juggernaut
  5656 | D        | Noticed a fire giant
  5659 | D        | Killed a spriggan defender
  5660 | D        | Noticed a giant orange brain
  5662 | D        | Killed a yaktaur
  5663 | D        | Noticed a deep troll shaman
  5679 | D        | Killed a juggernaut
  5679 | D        | Reached skill level 22 in Fighting
  5682 | D        | Killed a giant orange brain
  5691 | D        | Killed a hell knight
  5697 | D        | Killed a deep troll shaman
  5698 | D        | Noticed a white ugly thing
  5707 | D        | Noticed a rakshasa
  5710 | D        | Killed a fire giant
  5714 | D        | Noticed a fire dragon
  5719 | D        | Noticed a spriggan air mage
  5719 | D        | Killed a deep troll shaman
  5721 | D        | Noticed an ettin
  5725 | D        | Killed a white ugly thing
  5732 | D        | Killed a rakshasa
  5743 | D        | Killed a fire dragon
  5745 | D        | Killed a spriggan air mage
  5754 | D        | Killed an ettin
  5754 | D        | Received a gift from Okawaru
  6110 | D        | Noticed an ironbrand convoker
  6110 | D        | Noticed an ogre mage
  6110 | D        | Noticed an ogre mage
  6110 | D        | Noticed a hill giant
  6110 | D        | Noticed a centaur warrior
  6110 | D        | Noticed a wraith
  6116 | D        | Killed an ironbrand convoker
  6117 | D        | Noticed a cyan ugly thing
  6119 | D        | Noticed a vault warden
  6127 | D        | Killed an ogre mage
  6127 | D        | Reached skill level 1 in Armour
  6128 | D        | Noticed an ironbrand convoker
  6132 | D        | Killed an ogre mage
  6133 | D        | Noticed a brown ugly thing
  6137 | D        | Killed a hill giant
  6140 | D        | Killed a centaur warrior
  6141 | D        | Noticed a wolf spider
  6143 | D        | Killed a cyan ugly thing
  6144 | D        | Noticed a deep elf fighter
  6145 | D        | Noticed a wolf spider
  6149 | D        | Killed a vault warden
  6149 | D        | Reached XP level 15. HP: 134/192 MP: 22/28
  6151 | D        | Noticed a frost giant
  6152 | D        | Killed a wraith
  6155 | D        | Noticed a frost giant
  6163 | D        | Killed an ironbrand convoker
  6164 | D        | Noticed a stone giant
  6170 | D        | Killed a brown ugly thing
  6171 | D        | Noticed a deep elf fighter
  6175 | D        | Killed a wolf spider
  6176 | D        | Noticed an ironbrand convoker
  6178 | D        | Killed a deep elf fighter
  6185 | D        | Noticed a boulder beetle
  6187 | D        | Killed a wolf spider
  6194 | D        | Killed a frost giant
  6194 | D        | Reached skill level 23 in Maces & Flails
  6198 | D        | Noticed a yaktaur captain
  6198 | D        | Killed a frost giant
  6206 | D        | Killed a stone giant
  6209 | D        | Killed a deep elf fighter
  6210 | D        | Noticed an ironheart preserver
  6211 | D        | Noticed a hell knight
  6211 | D        | Noticed an Orb Guardian
  6211 | D        | Noticed a spriggan baker
  6211 | D        | Killed an ironbrand convoker
  6222 | D        | Killed a boulder beetle
  6227 | D        | Killed a hell knight
  6227 | D        | Reached skill level 5 in Armour
  6234 | D        | Killed an Orb Guardian
  6239 | D        | HP: 5/192 [yaktaur captain/bolt (11)]
  6728 | D        | Killed a yaktaur captain
  6728 | D        | Received a gift from Okawaru
  6731 | D        | Got an ebony giant club {god gift}
  6740 | D        | Identified the +7 giant club of Putrescence {freeze, +Fly rF- Int+2} (Okawaru gifted it to you in the Dungeon)
  6803 | D        | Killed an ironheart preserver
  6830 | D        | Killed a spriggan baker
  6926 | D        | Noticed Boris
  6927 | D        | Noticed Xtahua
  6928 | D        | Noticed Louise
  6955 | D        | Killed Boris
  6970 | D        | Killed Xtahua
  6970 | D        | Reached skill level 24 in Maces & Flails
  6982 | D        | Killed Louise
  7246 | D        | Noticed Jory
  7278 | D        | Killed Jory
  7600 | D        | Noticed Mennas
  7603 | D        | Noticed Norris
  7618 | D        | Killed Mennas
  7618 | D        | Received a gift from Okawaru
  7639 | D        | Killed Norris
  7639 | D        | Reached skill level 25 in Maces & Flails
  7639 | D        | Reached XP level 16. HP: 165/205 MP: 24/29
  7749 | D        | Noticed a jumping spider
  7749 | D        | Noticed a jumping spider
  7749 | D        | Noticed an emperor scorpion
  7749 | D        | Noticed a redback
  7749 | D        | Noticed a redback
  7749 | D        | Noticed an emperor scorpion
  7754 | D        | Killed a jumping spider
  7756 | D        | Killed a jumping spider
  7769 | D        | Killed an emperor scorpion
  7772 | D        | Killed a redback
  7773 | D        | Noticed an emperor scorpion
  7775 | D        | Killed a redback
  7796 | D        | Killed an emperor scorpion
  7796 | D        | Reached skill level 10 in Armour
  7797 | D        | Noticed a wolf spider
  7798 | D        | Noticed a moth of wrath
  7802 | D        | Noticed a redback
  7804 | D        | Killed a ghost moth
  7829 | D        | Killed an emperor scorpion
  7834 | D        | Killed a wolf spider
  7837 | D        | Killed a moth of wrath
  7838 | D        | Noticed an emperor scorpion
  7840 | D        | Killed a redback
  7841 | D        | Noticed a demonic crawler
  7855 | D        | Killed an emperor scorpion
  7859 | D        | Killed a demonic crawler
  7861 | D        | Got a gossamer rune of Zot
  7983 | D        | Noticed a merfolk aquamancer
  7983 | D        | Noticed a merfolk impaler
  7983 | D        | Noticed a merfolk impaler
  7983 | D        | Noticed a merfolk aquamancer
  7983 | D        | Noticed a merfolk javelineer
  7983 | D        | Noticed a merfolk javelineer
  7984 | D        | Noticed Ilsuiw
  7991 | D        | Killed a merfolk aquamancer
  7991 | D        | Received a gift from Okawaru
  7994 | D        | Killed a merfolk aquamancer
  7995 | D        | Noticed a merfolk javelineer
  8002 | D        | Killed a merfolk javelineer
  8003 | D        | Noticed a merfolk impaler
  8004 | D        | Noticed a merfolk aquamancer
  8014 | D        | Noticed a merfolk javelineer
  8026 | D        | Killed Ilsuiw
  8026 | D        | Reached skill level 26 in Maces & Flails
  8037 | D        | Killed a merfolk javelineer
  8038 | D        | Noticed a merfolk impaler
  8045 | D        | Killed a merfolk javelineer
  8048 | D        | Noticed a merfolk impaler
  8050 | D        | Killed a merfolk aquamancer
  8057 | D        | Killed a merfolk javelineer
  8066 | D        | Killed a merfolk impaler
  8073 | D        | Killed a merfolk impaler
  8082 | D        | Killed a merfolk impaler
  8087 | D        | Killed a merfolk impaler
  8095 | D        | Killed a merfolk impaler
  8275 | D        | Noticed a naga warrior
  8275 | D        | Noticed a greater naga
  8275 | D        | Noticed a guardian serpent
  8275 | D        | Noticed a greater naga
  8275 | D        | Noticed a naga
  8275 | D        | Noticed a naga
  8276 | D        | Noticed a greater naga
  8284 | D        | Killed a greater naga
  8285 | D        | Noticed a guardian serpent
  8293 | D        | Killed a greater naga
  8294 | D        | Noticed a naga mage
  8296 | D        | Noticed a naga mage
  8296 | D        | Killed a naga mage
  8306 | D        | Killed a naga warrior
  8307 | D        | Noticed a naga mage
  8310 | D        | Killed a guardian serpent
  8315 | D        | Killed a greater naga
  8320 | D        | Killed a guardian serpent
  8321 | D        | Noticed a greater naga
  8322 | D        | Killed a naga
  8323 | D        | Noticed a greater naga
  8328 | D        | Killed a naga mage
  8333 | D        | Killed a naga mage
  8335 | D        | Killed a naga
  8346 | D        | Killed a greater naga
  8346 | D        | Reached skill level 27 in Maces & Flails
  8356 | D        | Killed a greater naga
  8412 | D        | Got a serpentine rune of Zot
  8427 | D        | Got a barnacled rune of Zot
  8448 | D        | Noticed an eight-headed hydra
  8448 | D        | Noticed a swamp dragon
  8448 | D        | Noticed a swamp dragon
  8448 | D        | Noticed a six-headed hydra
  8448 | D        | Noticed a swamp dragon
  8448 | D        | Noticed a four-headed hydra
  8451 | D        | Noticed a spriggan druid
  8455 | D        | Killed an eight-headed hydra
  8456 | D        | Noticed a swamp dragon
  8459 | D        | Killed a swamp dragon
  8460 | D        | Noticed a four-headed hydra
  8469 | D        | Killed a swamp dragon
  8473 | D        | Killed a six-headed hydra
  8474 | D        | Noticed a six-headed hydra
  8479 | D        | Killed a swamp dragon
  8484 | D        | Killed a four-headed hydra
  8493 | D        | Killed a spriggan druid
  8495 | D        | Noticed a seven-headed hydra
  8500 | D        | Killed a swamp dragon
  8506 | D        | Killed a four-headed hydra
  8514 | D        | Killed a six-headed hydra
  8519 | D        | Killed a seven-headed hydra
  8520 | D        | Got a decaying rune of Zot
  8583 | D        | Noticed a necromancer
  8584 | D        | Noticed a hell knight
  8585 | D        | Noticed Margery
  8586 | D        | Noticed a hell knight
  8591 | D        | Noticed a hell knight
  8592 | D        | Killed a necromancer
  8592 | D        | Received a gift from Okawaru
  8594 | D        | Noticed a hell knight
  8598 | D        | Killed a hell knight
  8621 | D        | Killed Margery
  8621 | D        | Reached skill level 27 in Fighting
  8621 | D        | Reached XP level 17. HP: 169/226 MP: 24/30
  8629 | D        | Killed a hell knight
  8640 | D        | Killed a hell knight
  8649 | D        | Killed a hell knight
  8732 | D        | Noticed a vault guard
  8732 | D        | Noticed a vault guard
  8732 | D        | Noticed a vault guard
  8732 | D        | Noticed a vault guard
  8732 | D        | Noticed a vault guard
  8732 | D        | Noticed a vault guard
  8738 | D        | Killed a vault guard
  8739 | D        | Noticed a vault guard
  8742 | D        | Noticed a vault guard
  8743 | D        | Killed a vault guard
  8745 | D        | Noticed a vault guard
  8757 | D        | Killed a vault guard
  8758 | D        | Noticed a vault guard
  8766 | D        | Killed a vault guard
  8766 | D        | Reached skill level 15 in Armour
  8767 | D        | Noticed a vault guard
  8771 | D        | Killed a vault guard
  8772 | D        | Noticed a vault guard
  8777 | D        | Killed a vault guard
  8778 | D        | Noticed a vault guard
  8786 | D        | Killed a vault guard
  8793 | D        | Killed a vault guard
  8794 | D        | Noticed a vault guard
  8799 | D        | Killed a vault guard
  8800 | D        | Noticed a vault guard
  8801 | D        | Noticed a vault guard
  8806 | D        | Killed a vault guard
  8808 | D        | Noticed a vault guard
  8815 | D        | Killed a vault guard
  8816 | D        | Noticed a vault guard
  8827 | D        | Killed a vault guard
  8835 | D        | Killed a vault guard
  8836 | D        | Noticed a vault guard
  8841 | D        | Noticed a vault guard
  8842 | D        | Killed a vault guard
  8850 | D        | Noticed a vault guard
  8850 | D        | Killed a vault guard
  8862 | D        | Killed a vault guard
  8870 | D        | Killed a vault guard
  8871 | D        | Noticed a vault guard
  8877 | D        | Noticed a vault guard
  8880 | D        | Killed a vault guard
  8882 | D        | Noticed a vault guard
  8889 | D        | Killed a vault guard
  8891 | D        | Noticed a vault guard
  8900 | D        | Killed a vault guard
  8907 | D        | Killed a vault guard
  8913 | D        | Killed a vault guard
  8918 | D        | Killed a vault guard
  8925 | D        | Killed a vault guard
  8930 | D        | Killed a vault guard
  8941 | D        | Noticed a wolf spider
  8941 | D        | Noticed a hornet
  8941 | D        | Noticed a yaktaur captain
  8941 | D        | Noticed an ironbrand convoker
  8941 | D        | Noticed a hornet
  8941 | D        | Noticed an ettin
  8944 | D        | Killed a wolf spider
  8945 | D        | Noticed a vault sentinel
  8948 | D        | Noticed a flayed ghost
  8952 | D        | Killed a yaktaur captain
  8953 | D        | Noticed a shadow dragon
  8957 | D        | Killed a hornet
  8958 | D        | Noticed an ogre mage
  8962 | D        | Killed an ironbrand convoker
  8963 | D        | Noticed a boulder beetle
  8966 | D        | Killed a hornet
  8972 | D        | Killed an ettin
  8973 | D        | Noticed a boulder beetle
  8987 | D        | Noticed an ironheart preserver
  8990 | D        | Killed from afar by a shadow dragon

Vault maps used:
D:        linesprint

Action                   |  1- 3 |  4- 6 |  7- 9 | 10-12 | 13-15 | 16-18 || total
-------------------------+-------+-------+-------+-------+-------+-------++-------
Melee: Flail             |    17 |    11 |    94 |   422 |       |       ||   544
       Morningstar       |       |       |       |       |   134 |       ||   134
       Demon whip        |       |       |       |       |   414 |   604 ||  1018
Invok: Heroism           |       |       |     5 |     9 |     8 |     7 ||    29
       Finesse           |       |       |       |     7 |     8 |     7 ||    22
Evoke: Wand              |       |     3 |       |     1 |       |       ||     4
  Use: Potion            |     1 |       |     3 |     3 |     4 |     1 ||    12
       Scroll            |       |       |       |       |     3 |       ||     3
 Stab: Sleeping          |       |       |     1 |       |       |       ||     1
       Confused          |       |       |       |       |     1 |       ||     1
  Eat: Chunk             |       |       |     2 |     3 |       |       ||     5
       Bread ration      |       |       |       |     3 |     2 |     2 ||     7
